AoeStats
← TheQuietRiot

Hideout

508297155Analyzed
1v1 RM · 11d ago on Sep 21, 2026· 48m 13s· 2 players
Game mode
Random Map
Map size
Tiny (2 player)
Population
200
Speed
Normal
Resources
Standard
Victory
Conquest
Starting age
Dark Age
Ending age
Imperial Age
RankedLock teamsTeams togetherTeam positionsShared explorationLock speedFull tech treeHidden civsTurbo modeCheats
Victory
Defeat
🇧🇪 Franks · Belgium
954
+16
🇬🇧 Britons · United Kingdom
954
-16
michie8
5:03 Loom
9:57 Feudal Age
10:41 Double-Bit Axe
19:53 Castle Age
19:00 Stone Mining
19:43 Gold Mining
20:24 Scale Barding Armor
20:30 Forging
28:08 Chain Barding Armor
28:24 Iron Casting
30:31 Bow Saw
34:48 Wheelbarrow
34:01 Town Watch
39:34 Imperial Age
38:44 Husbandry
39:42 Onager
39:56 Cavalier
41:39 Blast Furnace
41:15 Plate Barding Armor
42:56 Paladin
TheQuietRiot
9:57 Feudal Age
8:12 Loom
10:25 Double-Bit Axe
10:21 Horse Collar
18:45 Castle Age
16:58 Gold Mining
17:00 Stone Mining
19:40 Bow Saw
19:45 Heavy Plow
22:11 Wheelbarrow
22:08 Pikeman
23:23 Squires
25:57 Forging
30:12 Hand Cart
30:22 Town Watch
31:34 Gold Shaft Mining
35:35 Town Patrol
35:59 Ballistics
35:51 Masonry
35:21 Treadmill Crane
38:15 Fortified Wall
37:56 Guard Tower
38:02 Murder Holes
40:43 Imperial Age
41:08 Fletching
41:20 Padded Archer Armor
43:05 Two-Man Saw
41:32 Onager
42:42 Conscription
44:57 Bodkin Arrow
45:18 Leather Archer Armor
47:21 Halberdier
Connection lost

Rejoining the realm…

Still unreachable

The connection could not be restored.

Session expired

The server has moved on; the page needs a fresh start.